 Dungeon Crawl Stone Soup version 0.27.1-34-g3ba077fa99 (webtiles) character file.

Game seed: 2039711712293542870

119 comborobin the Covert (level 4, -1/27 HPs)
             Began as a Vampire Delver on Jan 6, 2022.
             Was a Believer of Dithmenos.
             Slain by a kobold (2 damage)
             ... on level 4 of the Dungeon.
             The game lasted 00:04:22 (2706 turns).

comborobin the Covert (Vampire Delver)              Turns: 2706, Time: 00:04:22

Health: -1/27      AC:  3    Str:  9 (12) XL:     4   Next: 73%
Magic:  4/4        EV: 11    Int: 10 (12) God:    Dithmenos [**....]
Gold:   133        SH:  0    Dex: 12 (15) Spells: 3/3 levels left

rFire    + . .     SeeInvis +   a - +1 dagger (speed)
rCold    + . .     Faith    .   (no shield)
rNeg     + + +     Spirit   .   m - +0 leather armour
rPois    ∞         Reflect  .   (no helmet)
rElec    .         Harm     .   (no cloak)
rCorr    .         Rampage  .   (no gloves)
Will     .....                  (no boots)
Stlth    ++++++....             (no amulet)
HPRegen  0.00/turn              r - ring of fire
MPRegen  0.09/turn              (no ring)

@: silenced, bloodless, inhibited regen, wreathed by umbra
A: bloodless, fangs 3, see invisible, vampiric 2
a: Bat Form, Revivify, Renounce Religion


You were on level 4 of the Dungeon.
You worshipped Dithmenos.
Dithmenos was pleased with you.
You visited 2 branches of the dungeon, and saw 7 of its levels.

You collected 133 gold pieces.

Inventory:

Hand Weapons
 a - a +1 dagger of speed (weapon)
 b - a +0 short sword
 q - a +0 dagger
 s - a +2 vorpal flail
Missiles
 k - 15 poisoned darts (quivered)
Armour
 l - a +0 kite shield
 m - a +0 leather armour (worn)
Magical Staves
 j - a staff of fire
Jewellery
 e - the amulet of Goskud {Faith rElec rC+}
   (You found it on level 4 of the Dungeon)

   [amulet of faith]

   It allows you to gain divine favour quickly.
   rC:        It protects you from cold.
   rElec:     It insulates you from electricity.
 r - a ring of fire (left hand)
Wands
 g - a wand of digging (3)
Scrolls
 c - a scroll of fog
 d - 10 scrolls of identify {unknown}
 h - a scroll of brand weapon {unknown}
 i - a scroll of teleportation {unknown}
 n - a scroll of blinking {unknown}
 u - a scroll of acquirement {unknown}


   Skills:
 - Level 2.6 Fighting
 + Level 3.9 Short Blades
 - Level 2.1 Dodging
 + Level 8.7 Stealth
 + Level 1.2 Invocations


You had 3 spell levels left.
You didn't know any spells.
Your spell library was empty.

Dungeon Overview and Level Annotations

Branches:
Dungeon (6/15)             Temple (1/1) D:6

Altars:
Ashenzari
Dithmenos
Fedhas
Okawaru
Vehumet
Wu Jian

Annotations:
D:3 1 runed translucent door, zeram's ghost, amateur GrFi


Innate Abilities, Weirdness & Mutations

You do not regenerate when monsters are visible.
You are frail without blood (-20% HP).
You can heal yourself when you bite living creatures.
You are immune to poison.
You have razor-sharp teeth.
You have supernaturally acute eyesight. (SInv)
You are afflicted with vampirism and can become a bat while bloodless.


Message History

The water moccasin skeleton is unaffected.
The goblin looks frightened!
The kobold looks frightened!
The goblin gives up.
The scorpion zombie hits you.
* * * LOW HITPOINT WARNING * * *
The water moccasin skeleton bites you.
* * * LOW HITPOINT WARNING * * *
The goblin supplicates, "Please!
I have a lot of children!"
The scorpion zombie barely misses you.
You see here 11 gold pieces.
The goblin prays for help.
Found a brightly glowing brass amulet.
A ball python and an endoplasm come into view.
The ball python hisses angrily.
The goblin howls, "Help!"
The ball python barely misses you. x2
You see here the amulet of Goskud {Faith rElec rC+}.
e - the amulet of Goskud {Faith rElec rC+} The ball python closely misses you. x2; The ball python bites you.
* * * LOW HITPOINT WARNING * * *
The ball python barely misses you. The scorpion zombie barely misses you.
The adder skeleton closely misses you. x2
You aren't carrying any potions.
Unknown command.
Okay, then.
Okay, then.
As you read the scroll labelled JECUMN ODEHO, it crumbles to dust.
A profound silence engulfs you.
It was a scroll of silence.
The scorpion zombie hits you.
* * * LOW HITPOINT WARNING * * *
Magic scrolls do not work when you're silenced!
Unknown command.
An adder, a hobgoblin and a kobold come into view.
A scorpion comes into view.
A goblin comes into view. It is wielding a +0 dagger.
A quokka comes into view.
An iguana comes into view.
The kobold hits you with a +0 whip.
You die...

#.. #.. #.. #.#
sl #.# g.. #.#
S.. #.###.###
#@.g.r...
#SK......
#.......# ##..
. #Z...####
#..# ##. #.####
##..# .J.
#...###
#...#....
#.....##
#...#...
#......###.....
#.###..##....#


You could see a quokka, a hobgoblin, a ball python, a kobold and a water
moccasin skeleton.

Vanquished Creatures
  An orc wizard (D:3)
  A hound skeleton (D:2)
  An adder (D:3)
  2 adder skeletons
  3 dart slugs
  An orc (D:3)
  5 ball pythons
  2 bats (D:2)
  5 endoplasms
  3 giant cockroaches
  3 goblins
  5 hobgoblins
  6 jackals (D:2)
  A quokka (D:2)
  4 frilled lizards
  6 kobolds
  10 rats
59 creatures vanquished.

Vanquished Creatures (others)
  A withered plant (D:4)
1 creature vanquished.

Grand Total: 60 creatures vanquished

Notes
Turn   | Place    | Note
-------+----------+-------------------------------------------
     0 | D:5      | comborobin the Vampire Delver began the quest for the Orb.
     0 | D:5      | Reached XP level 1. HP: 17/17 MP: 1/1
     5 | D:6      | Found a staircase to the Ecumenical Temple.
    14 | Temple   | Entered the Ecumenical Temple
    59 | Temple   | Became a worshipper of Dithmenos the Shadowed
    94 | D:6      | Noticed a yak
   126 | D:5      | Noticed a sky beast
   329 | D:3      | Noticed an orc wizard
   472 | D:2      | Reached XP level 2. HP: 16/18 MP: 2/2
   917 | D:2      | Reached skill level 8 in Stealth
   917 | D:2      | Gained mutation: You are afflicted with vampirism and can
                  | become a bat while bloodless. [Vampire growth]
   917 | D:2      | Reached XP level 3. HP: 18/22 MP: 3/3
  1017 | D:2      | Reached * piety under Dithmenos
  1624 | D:1      | Found a faded altar of an unknown god.
  1662 | D:1      | Reached XP level 4. HP: 27/27 MP: 4/4
  2085 | D:3      | Found a runed translucent door.
  2146 | D:3      | Noticed zeram's ghost (amateur GrFi)
  2346 | D:3      | HP: 1/27 [orc wizard/magic dart (8)]
  2361 | D:3      | Reached ** piety under Dithmenos
  2362 | D:3      | Reached skill level 1 in Invocations
  2514 | D:4      | Noticed a scorpion
  2659 | D:4      | Found an ornate altar of the Wu Jian Council.
  2690 | D:4      | Identified the amulet of Goskud {Faith rElec rC+}
  2696 | D:4      | HP: 1/27 [scorpion zombie (2)]
  2703 | D:4      | Noticed a scorpion
  2706 | D:4      | Slain by a kobold

Illustrated notes

Levels and vault maps discovered:
D:1:      dpeg_arrival_fog, layout_rooms, hellmonk_ecumenical_altar_arch_garden
D:2:      layout_loops_ring, minmay_close_crescents
D:3:      minmay_diamond_boxcup, layout_loops_ring, ebering_ghost_inner_flame
D:4:      minmay_recursive_quarters, layout_basic,
          pdpol_wu_jian_five_deadly_venoms, serial_undead, serial_undead_d,
          serial_undead_c, serial_undead_f, serial_undead_c
D:5:      layout_rooms, tgw_kikubaaqudgha, chequers_temple_overflow_minitemple,
          serial_shops, nicolae_shop_stone, uniq_grinder
D:6:      cheibrodos_fzero, layout_loops_ring, kennysheep_mini_moat,
          nicolae_overflow_crystal_walls, minmay_temple_entry_junction
Temple:   jpeg_temple_clearing

Skill      XL: |  1  2  3  4 |
---------------+-------------+-----
Short Blades   | 3 |  3.9
Stealth        | 8 |  8.7
Invocations    | 1 |  1.2
Fighting       | |  2.6
Dodging        | |  2.1

Action                   |  1- 3 |  4- 6 || total
-------------------------+-------+-------++-------
Melee: Dagger            |    28 |    60 ||    88
       Short sword       |    66 |       ||    66
       Bite              |     5 |     5 ||    10
 Abil: Exsanguinate      |     1 |       ||     1
  Use: Potion            |     1 |     6 ||     7
       Scroll            |     1 |     2 ||     3
 Stab: Sleeping          |    29 |     7 ||    36
Armor: Leather armour    |    12 |     5 ||    17
Dodge: Dodged            |    46 |    32 ||    78
